[Event "European Rapid Championship 2021"]
[Site "Katowice"]
[Date "2021.12.19"]
[Round "7.13"]
[White "Krasenkova, Elena"]
[Black "Wisniewski, Adrian"]
[Result "0-1"]
[ECO "A05"]
[WhiteElo "2124"]
[BlackElo "2351"]
[Annotator "NA"]
[PlyCount "116"]
[EventDate "2021.12.18"]
[EventType "swiss"]
[EventCountry "POL"]
[SourceTitle "playchess.com"]
[Source "ChessBase"]
[SourceQuality "1"]
[TimeControl "900+10"]

1. Nf3 Nf6 2. g3 d5 3. Bg2 c6 4. O-O g6 5. d4 Bg7 6. Bf4 O-O 7. c3 Bf5 8. Qb3 Qc8 9. Nbd2 a5 10. a4 Na6 11. Be5 Ne4 12. Bxg7 Kxg7 13. Qa3 Qc7 14. b4 axb4 15. cxb4 Qd6 16. b5 cxb5 17. axb5 Qxa3 18. Rxa3 Nc7 19. Rb3 Ra2 20. Nxe4 dxe4 21. Nh4 Be6 22. d5 Bxd5 23. Rc3 Nxb5 24. Rc5 Bc6 25. Bxe4 Bxe4 26. Rxb5 Rxe2 27. Re5 e6 28. f3 Bd3 29. Rxe2 Bxe2 30. Rb1 b5 31. Kf2 Bc4 32. Ng2 Rd8 33. Rb2 Ra8 34. Ne3 Bd3 35. Rd2 Ra3 36. Ng4 f6 37. Rb2 e5 38. h4 h5 39. Ne3 f5 40. f4 e4 41. Nd5 Kf7 42. Nc7 Ra5 43.
Ke3 Ke7 44. Kd4 Kd6 45. Nd5 Bc4 46. Ne3 Ra4 47. Nc2 Bb3+ 48.
Kc3 Bxc2 49. Kxc2 Kc5 50. Rb3 Ra2+ 51. Kb1 Rg2 52. Kc1 Kc4 53. Re3 b4 54. Kd1 Ra2 55. Kc1 Ra3 56. Kd2 Rxe3 57. Kxe3 Kc3 58. g4 hxg4 0-1

[Event "European Rapid Championship 2021"]
[Site "Katowice"]
[Date "2021.12.19"]
[Round "7.14"]
[White "Lewtak, Damian"]
[Black "Janik, Igor"]
[Result "0-1"]
[ECO "A00"]
[WhiteElo "2185"]
[BlackElo "2462"]
[Annotator "ChessBase"]
[PlyCount "116"]
[EventDate "2021.12.18"]
[EventType "swiss"]
[EventCountry "POL"]
[SourceTitle "playchess.com"]
[Source "ChessBase"]
[SourceQuality "1"]
[TimeControl "900+10"]

1. c3 b6 2. e4 Bb7 3. d3 g6 4. g3 d5 5. Nd2 Bg7 6. Bg2 e6 7. Ngf3 Nf6 8. e5 Nfd7 9. d4 Ba6 10. Bf1 Qc8 11. h4 h6 12. h5 g5 13. Nh2 c5 14. Ng4 Nc6 15.
Nf3 cxd4 16. cxd4 Nb4 17. Bxa6 Qxa6 18. Qe2 Qxe2+ 19. Kxe2 f5 20. Ne3 Nc6 21. g4 f4 22. Nc2 Rc8 23. Na3 Bf8 24. Bd2 Bxa3 25. bxa3 Rc7 26. Rhc1 Kf7 27. Rc2 Rhc8 28. Rac1 a5 29. a4 Ke8 30. Kd1 Kd8 31. Rc3 Ndb8 32. R1c2 Na6 33. Rb2 Rb7 34. Rcb3 Rcb8 35. Bc3 Nc7 36. Kd2 Ke7 37. Kd3 Kd7 38. Ne1 b5 39. axb5 Rxb5 40. Nc2 Rxb3 41. Rxb3 Rxb3 42. axb3 Nb5 43. Bb2 Kc7 44. Na3 Nb4+ 45. Kd2 Kb6 46.
Nxb5 Kxb5 47. Ba3 a4 48. Kc3 axb3 49. Kxb3 Nd3 50. Bf8 Nxf2 51. Bxh6 Ne4 52. Kc2 Kc4 53. Bg7 f3 54. h6 f2 55. h7 f1=Q 56. h8=Q Qe2+ 57. Kb1 Nc3+ 58. Kc1 Qd1+ 0-1

[Event "European Rapid Championship 2021"]
[Site "Katowice"]
[Date "2021.12.19"]
[Round "7.14"]
[White "Jazdanovs, Aleksandrs"]
[Black "Jagodzinski, Piotr"]
[Result "1-0"]
[ECO "B12"]
[WhiteElo "2089"]
[BlackElo "2145"]
[Annotator "NA"]
[PlyCount "67"]
[EventDate "2021.12.18"]
[EventType "swiss"]
[EventCountry "POL"]
[SourceTitle "playchess.com"]
[Source "ChessBase"]
[SourceQuality "1"]
[TimeControl "900+10"]

1. e4 c6 2. d4 d5 3. e5 Bf5 4. Nf3 e6 5. Be2 Nd7 6. Nbd2 a6 7. a4 Ne7 8. c3 c5 9. Nb3 Nc6 10. Be3 cxd4 11. Nbxd4 Bg6 12. Nxc6 bxc6 13. Bd3 Qc7 14. Bxg6 hxg6 15. Qd4 Rb8 16. Rb1 Bc5 17. Qf4 Bxe3 18. Qxe3 Rh5 19. g4 Rh8 20. O-O c5 21. b3 Rb7 22. Qf4 a5 23. b4 c4 24. bxa5 Nc5 25.
a6 Ra7 26. Rb5 Rxa6 27. Rfb1 Nb3 28. Nd4 f6 29. Nxb3 fxe5 30. Qg5 e4 31. h4 cxb3 32. R1xb3 Ra8 33. Qxg6+ Kd8 34. Qxe6 1-0

[Event "European Rapid Championship 2021"]
[Site "Katowice"]
[Date "2021.12.19"]
[Round "7.15"]
[White "Gumularz, Szymon"]
[Black "Janaszak, Dawid"]
[Result "1/2-1/2"]
[ECO "B31"]
[WhiteElo "2452"]
[BlackElo "2328"]
[Annotator "ChessBase"]
[PlyCount "77"]
[EventDate "2021.12.18"]
[EventType "swiss"]
[EventCountry "POL"]
[SourceTitle "playchess.com"]
[Source "ChessBase"]
[SourceQuality "1"]
[TimeControl "900+10"]

1. e4 c5 2. Nf3 Nc6 3. Bb5 g6 4. O-O Bg7 5. Nc3 e5 6. a3 Nge7 7. b4 d6 8. bxc5 dxc5 9. Bc4 O-O 10. d3 Nd4 11. h3 Be6 12. Bxe6 Nxe6 13. a4 Rc8 14. Nd2 f5 15. Rb1 b6 16. Nc4 f4 17. f3 g5 18. Bb2 Nd4 19. Ne2 Ndc6 20. Bc3 h5 21. a5 Rb8 22. axb6 axb6 23. Rb5 Nc8 24. Qa1 Re8 25. Qb2 g4 26. fxg4 hxg4 27. hxg4 Re6 28. Nxf4 exf4 29. Bxg7 Rg6 30. Be5 Rb7 31. Rxf4 Qh4 32. Qa2 Kh7 33. Rf3 Qxg4 34. Rf2 Qd1+ 35. Rf1 Qe2 36. Rf2 Qd1+ 37. Rf1 Qe2 38. Rf2 Qd1+ 39. Rf1 1/2-1/2

[Event "European Rapid Championship 2021"]
[Site "Katowice"]
[Date "2021.12.19"]
[Round "7.15"]
[White "Skawinski, Arkadiusz"]
[Black "Lukasiewicz, Krzysztof"]
[Result "0-1"]
[ECO "B10"]
[WhiteElo "2367"]
[BlackElo "2251"]
[Annotator "NA"]
[PlyCount "62"]
[EventDate "2021.12.18"]
[EventType "swiss"]
[EventCountry "POL"]
[SourceTitle "playchess.com"]
[Source "ChessBase"]
[SourceQuality "1"]
[TimeControl "900+10"]

1. e4 c6 2. Nf3 d5 3. Nc3 Nf6 4. e5 Ne4 5. Ne2 Qb6 6. d4 e6 7. Ng3 c5 8. Bd3 Nxg3 9. fxg3 Nc6 10. O-O cxd4 11. a3 Bd7 12. Qe2 f6 13. Kh1 O-O-O 14. b4 Qc7 15. Bf4 g5 16. b5 Nb8 17. Bd2 g4 18. Nxd4 fxe5 19. Qxg4 exd4 20. Qxd4 Bc5 21. Qh4 e5 22. c4 d4 23. Rf7 Rdf8 24. Rxh7 Rxh7 25. Qxh7 Be6 26. Qh6 Qe7 27. Re1 Nd7 28. Bg5 Qf7 29. h4 Bxc4 30.
Bxc4 Qxc4 31. Rc1 Rf1+ 0-1

[Event "European Rapid Championship 2021"]
[Site "Katowice"]
[Date "2021.12.19"]
[Round "7.16"]
[White "Krasenkow, Michal"]
[Black "Godzwon, Iwo"]
[Result "1-0"]
[ECO "B38"]
[WhiteElo "2576"]
[BlackElo "2352"]
[Annotator "ChessBase"]
[PlyCount "111"]
[EventDate "2021.12.18"]
[EventType "swiss"]
[EventCountry "POL"]
[SourceTitle "playchess.com"]
[Source "ChessBase"]
[SourceQuality "1"]
[TimeControl "900+10"]

1. c4 c5 2. Nf3 Nc6 3. d4 cxd4 4. Nxd4 g6 5. e4 Bg7 6. Be3 Nf6 7. Nc3 O-O 8. Be2 d6 9. O-O Bd7 10. f4 Nxd4 11. Bxd4 Bc6 12. Bf3 Nd7 13. Kh1 e5 14. Be3 exf4 15. Bxf4 Ne5 16. Be2 Re8 17. Qd2 Qb6 18. Rac1 Qb4 19. b3 a5 20. Nd5 Qxd2 21. Bxd2 Bxd5 22. cxd5 Rec8 23. a4 Rxc1 24. Rxc1 Nd7 25. Rc7 Nc5 26. Bf4 Bf8 27. Bc4 Nxe4 28. Rxb7 g5 29. Be3 Re8 30. Kg1 Bg7 31. Bb6 Nc5 32. Bxc5 dxc5 33. d6 Rf8 34. d7 Rd8 35. Bb5 Kf8 36. Rc7 Be5 37. Rc8 Ke7 38. h3 f5 39. Kf2 h5 40. Ke3 Bd4+ 41. Kd3 g4 42. hxg4 fxg4 43. Ke4 g3 44. Kf4 h4 45. Kg4 Bf6 46. Rxc5 Rg8+ 47. Kh3 Kd6 48. Rc6+ Ke7 49. Rc8 Rd8 50. Kg4 Kd6 51. Kf5 Be7 52. Bc6 Kc5 53. Ke6 Bg5 54. Bf3+ Kb4 55. Bd5 Ka3 56. Kd6 1-0

[Event "European Rapid Championship 2021"]
[Site "Katowice"]
[Date "2021.12.19"]
[Round "7.16"]
[White "Kuegel, Tobias"]
[Black "Snihur, Piotr"]
[Result "0-1"]
[ECO "B38"]
[WhiteElo "2242"]
[BlackElo "2006"]
[Annotator "NA"]
[PlyCount "68"]
[EventDate "2021.12.18"]
[EventType "swiss"]
[EventCountry "POL"]
[SourceTitle "playchess.com"]
[Source "ChessBase"]
[SourceQuality "1"]
[TimeControl "900+10"]

1. e4 c5 2. c4 Nc6 3. Ne2 g6 4. d4 cxd4 5. Nxd4 Bg7 6. Be3 Nf6 7. Nc3 d6 8. Be2 O-O 9. O-O Bd7 10. f3 Rc8 11. Qd2 Qc7 12. Rac1 Qb8 13. Nxc6 Bxc6 14. b4 a6 15. a4 Bd7 16. a5 Be6 17. Na4 Nd7 18. f4 f5 19. exf5 gxf5 20.
Bd4 Nf6 21. Nb6 Rcd8 22. Bf3 Bf7 23. Qc3 Rfe8 24. Rce1 e5 25.
fxe5 dxe5 26. Rxe5 Rxd4 27. Qxd4 Rxe5 28. Bxb7 Qc7 29. b5 Ng4 30. bxa6 Re1 31. Qxg7+ Kxg7 32. Rxe1 Qc5+ 33. Kh1 Nf2+ 34. Kg1 Nh3+ 0-1

[Event "European Rapid Championship 2021"]
[Site "Katowice"]
[Date "2021.12.19"]
[Round "7.17"]
[White "Blohberger, Felix"]
[Black "Luberanski, Jakub"]
[Result "1-0"]
[ECO "D02"]
[WhiteElo "2409"]
[BlackElo "2199"]
[Annotator "NA"]
[PlyCount "77"]
[EventDate "2021.12.18"]
[EventType "swiss"]
[EventCountry "POL"]
[SourceTitle "playchess.com"]
[Source "ChessBase"]
[SourceQuality "1"]
[TimeControl "900+10"]

1. d4 Nf6 2. Nf3 d5 3. Bf4 e6 4. e3 c5 5. c3 Bd6 6. Bb5+ Nc6 7. Bxc6+ bxc6 8. Bxd6 Qxd6 9. Qa4 cxd4 10. cxd4 O-O 11. O-O c5 12. Qa3 Ne4 13. Nc3 cxd4 14. Qxd6 Nxd6 15. Nxd4 Ba6 16. Rfc1 Rfc8 17. Na4 Bd3 18. b3 Bg6 19. Kf1 Kf8 20. Ke1 Ke8 21. f3 Rxc1+ 22. Rxc1 Rc8 23. Rc6 Rxc6 24. Nxc6 Nc8 25. Nc5 h5 26. g3 Bf5 27. Kd2 Bh3 28.
a4 g5 29. b4 f6 30. f4 gxf4 31. gxf4 h4 32. b5 Kf7 33. Ke1 Bf5 34. a5 h3 35.
Nxa7 Nxa7 36. b6 Nc6 37. a6 e5 38. a7 Nxa7 39. bxa7 1-0

[Event "European Rapid Championship 2021"]
[Site "Katowice"]
[Date "2021.12.19"]
[Round "7.17"]
[White "Fus, Jakub"]
[Black "Czernek, Tymon"]
[Result "1-0"]
[ECO "B20"]
[WhiteElo "2252"]
[BlackElo "2197"]
[Annotator "NA"]
[PlyCount "81"]
[EventDate "2021.12.18"]
[EventType "swiss"]
[EventCountry "POL"]
[SourceTitle "playchess.com"]
[Source "ChessBase"]
[SourceQuality "1"]
[TimeControl "900+10"]

1. e4 c5 2. Be2 d6 3. f4 Nf6 4. d3 e6 5. Nf3 Be7 6. O-O O-O 7. Kh1 Nc6 8.
Be3 d5 9. Nbd2 dxe4 10. dxe4 b6 11. c3 Bb7 12. Qc2 Qc7 13.
Ng5 e5 14. f5 Rfd8 15. Rae1 Na5 16. Bf3 Ba6 17. Rg1 Bd3 18. Qc1 c4 19. Nh3 Nb7 20. Nf2 Bc5 21. g4 b5 22. g5 Ne8 23. Ng4 g6 24. Nf1 Bxf1 25.
Rgxf1 Rd3 26. Be2 Bxe3 27. Nxe3 Nc5 28. Bxd3 Nxd3 29. Qd2 Rd8 30. Rd1 Nd6 31. Nd5 Qb7 32. Nf6+ Kh8 33. Qg2 Ne8 34. Nd5 gxf5 35. Rxf5 Nd6 36. Rdf1 Nxf5 37. Rxf5 Nf4 38. Qf3 Nxd5 39. Rxf7 Qc8 40. Qh5 Nf6 41. gxf6 1-0

[Event "European Rapid Championship 2021"]
[Site "Katowice"]
[Date "2021.12.19"]
[Round "7.18"]
[White "Molenda, Marcin"]
[Black "Vidruska, Renate"]
[Result "1-0"]
[ECO "E11"]
[WhiteElo "2365"]
[BlackElo "1993"]
[Annotator "NA"]
[PlyCount "101"]
[EventDate "2021.12.18"]
[EventType "swiss"]
[EventCountry "POL"]
[SourceTitle "playchess.com"]
[Source "ChessBase"]
[SourceQuality "1"]
[TimeControl "900+10"]

1. d4 Nf6 2. c4 e6 3. Nf3 Bb4+ 4. Bd2 c5 5. Bxb4 cxb4 6. a3 bxa3 7. Rxa3 Na6 8. Nc3 O-O 9. e4 d6 10. Bd3 e5 11. d5 Nb4 12. Be2 a5 13.
O-O Bg4 14. Ne1 Bxe2 15. Qxe2 Re8 16. Nd3 Na6 17. Rfa1 b6 18. b4 axb4 19. Nxb4 Nc7 20. Nc6 Qd7 21. f3 Rxa3 22. Rxa3 Ra8 23. Qa2 Qe8 24. Rxa8 Qxa8 25. Qxa8+ Nxa8 26. Nb5 Ne8 27. Ne7+ Kf8 28. Nc8 g6 29. g4 Nf6 30. Kf2 h5 31. g5 Nh7 32. h4 f6 33. gxf6 Kf7 34. Kg3 Kxf6 35. f4 exf4+ 36. Kxf4 g5+ 37. hxg5+ Nxg5 38. Ncxd6 Nh3+ 39. Ke3 Ke5 40. Nf7+ Kf6 41. Nd8 Ng5 42. Nc6 Nf7 43. Kf4 h4 44. e5+ Kg7 45. e6 Nh8 46. e7 Ng6+ 47.
Kg4 Nxe7 48. Nxe7 Kf7 49. Nc6 Ke8 50. Kxh4 Kd7 51. Kg4 1-0

[Event "European Rapid Championship 2021"]
[Site "Katowice"]
[Date "2021.12.19"]
[Round "7.18"]
[White "Kukula, Pawel"]
[Black "Gretarsson, Helgi Ass"]
[Result "0-1"]
[ECO "B07"]
[WhiteElo "2088"]
[BlackElo "2476"]
[Annotator "ChessBase"]
[PlyCount "30"]
[EventDate "2021.12.18"]
[EventType "swiss"]
[EventCountry "POL"]
[SourceTitle "playchess.com"]
[Source "ChessBase"]
[SourceQuality "1"]
[TimeControl "900+10"]

1. e4 d6 2. d4 Nf6 3. Nc3 Nbd7 4. f4 e5 5. Nf3 exd4 6. Qxd4 c6 7. Be3 d5 8. exd5 Bc5 9. Qd2 Qe7 10. Ne5 Nxe5 11. fxe5 Qxe5 12. Nd1 Nxd5 13. Kf2 Qf4+ 14. Ke2 Bg4+ 15. Kd3 Nxe3 0-1

[Event "European Rapid Championship 2021"]
[Site "Katowice"]
[Date "2021.12.19"]
[Round "7.19"]
[White "Sanz Wawer, Daniel"]
[Black "Fridman, Daniel"]
[Result "0-1"]
[ECO "B14"]
[WhiteElo "2371"]
[BlackElo "2626"]
[Annotator "ChessBase"]
[PlyCount "112"]
[EventDate "2021.12.18"]
[EventType "swiss"]
[EventCountry "POL"]
[SourceTitle "playchess.com"]
[Source "ChessBase"]
[SourceQuality "1"]
[TimeControl "900+10"]

1. d4 d5 2. c4 e6 3. Nc3 c5 4. e3 cxd4 5. exd4 Nf6 6. Nf3 Nc6 7. cxd5 Nxd5 8.
Bd3 Bb4 9. Bd2 Be7 10. a3 Nf6 11. Bg5 h6 12. Bh4 O-O 13. O-O b6 14. Rc1 Bb7 15. Bb1 Nh5 16. Qd3 g6 17. Bxe7 Nxe7 18. Ne4 Nd5 19. Rfd1 Nhf6 20. Nc3 Nf4 21. Qe3 Qb8 22. Ne5 g5 23. f3 Qd8 24. Ne4 N6d5 25. Qd2 f6 26. Nc4 f5 27. Nc3 Nxc3 28. bxc3 Qe7 29. Re1 Rac8 30. Ba2 Bd5 31. Ne5 Qxa3 32. Bxd5 Nxd5 33. c4 Nf4 34. g3 Nh5 35. Ra1 Qd6 36. Rxa7 Rc7 37. Rxc7 Qxc7 38. Kg2 Rd8 39. h4 Qg7 40. hxg5 hxg5 41. Rh1 Nxg3 42. Nc6 Rd6 43. Kxg3 Rxc6 44. Rh5 Kf8 45. Rxg5 Qc7+ 46. f4 Rxc4 47. Qg2 Rc3+ 48. Kh4 Qxf4+ 49. Kh5 Qf3+ 50. Kg6 Qxg2 51. Rxg2 Ke7 52. d5 f4 53. Re2 Re3 54. Rd2 Rg3+ 55. Kh5 e5 56. Rb2 Kd6 0-1

[Event "European Rapid Championship 2021"]
[Site "Katowice"]
[Date "2021.12.19"]
[Round "7.19"]
[White "Kulon, Klaudia"]
[Black "Zgadzaj, Rafal"]
[Result "1-0"]
[ECO "A13"]
[WhiteElo "2328"]
[BlackElo "2087"]
[Annotator "NA"]
[PlyCount "80"]
[EventDate "2021.12.18"]
[EventType "swiss"]
[EventCountry "POL"]
[SourceTitle "playchess.com"]
[Source "ChessBase"]
[SourceQuality "1"]
[TimeControl "900+10"]

1. c4 e6 2. g3 f5 3. Bg2 Nf6 4. Nc3 Be7 5. d3 O-O 6. e4 d6 7. Nge2 Nc6 8. O-O Qe8 9. exf5 exf5 10. Nf4 Kh8 11. Re1 Qf7 12. Ncd5 Bd8 13. Rb1 Nd4 14. b4 c6 15. Nxf6 Bxf6 16. Bb2 Bd7 17. Nh5 Rae8 18. Nxf6 Qxf6 19. Qd2 b6 20. c5 f4 21. Qxf4 Qxf4 22. gxf4 dxc5 23. bxc5 Ne2+ 24. Kh1 Nxf4 25. cxb6 axb6 26. Be4 Nh3 27. Bd4 c5 28. Be3 Nxf2+ 29. Kg2 Nxe4 30. dxe4 Rxe4 31. Rxb6 Rg4+ 32. Kh1 Bf5 33. h4 Be4+ 34. Kh2 Rg2+ 35. Kh3 Rxa2 36. Bf4 Bf5+ 37. Kg3 h5 38. Re3 c4 39. Rc6 Rc2 40. Rc7 Rd2 1-0

[Event "European Rapid Championship 2021"]
[Site "Katowice"]
[Date "2021.12.19"]
[Round "7.20"]
[White "Pultinevicius, Paulius"]
[Black "Przybylski, Wojciech"]
[Result "1-0"]
[ECO "D12"]
[WhiteElo "2536"]
[BlackElo "2321"]
[Annotator "ChessBase"]
[PlyCount "115"]
[EventDate "2021.12.18"]
[EventType "swiss"]
[EventCountry "POL"]
[SourceTitle "playchess.com"]
[Source "ChessBase"]
[SourceQuality "1"]
[TimeControl "900+10"]

1. d4 Nf6 2. c4 c6 3. Nf3 d5 4. e3 Bf5 5. Nc3 e6 6. Nh4 Bg6 7. Qb3 Qc7 8.
Nxg6 hxg6 9. g3 Nbd7 10. Bg2 Be7 11. O-O O-O 12. e4 dxe4 13.
Nxe4 Nxe4 14. Bxe4 e5 15. dxe5 Nc5 16. Qc2 Qxe5 17. Bg2 Bf6 18. Be3 Ne6 19. Rad1 Rfd8 20. Rxd8+ Rxd8 21. b4 Nd4 22. Qa4 a6 23. Kh1 Qe6 24. c5 Nb5 25. Qc2 Nd4 26. Qb1 Nf5 27. Bf4 Qc4 28. Re1 Qd4 29. Kg1 a5 30. Bc7 Rc8 31. Bxa5 Qc4 32. Bh3 Rf8 33. Rc1 Qd5 34. Bg2 Qd2 35. Rd1 Qe2 36. Bf1 Qe6 37. Re1 Qd5 38. Bg2 Qc4 39. Re4 Qc3 40. Qe1 Qa3 41. Qd2 Bc3 42. Qc2 Bf6 43. Qc4 Qb2 44. Bf1 Nd4 45. Kg2 g5 46. h3 Ne6 47. Bd3 Nd4 48.
Bc7 Nb5 49. Re2 Qc3 50. Qe4 g6 51. Bxb5 cxb5 52. Bd6 Rd8 53.
Re3 Qc4 54. Qxb7 Qxb4 55. Rf3 Qb2 56. c6 Rxd6 57. c7 Rd8 58.
cxd8=Q+ 1-0

[Event "European Rapid Championship 2021"]
[Site "Katowice"]
[Date "2021.12.19"]
[Round "7.20"]
[White "Szente Varga, Fruzsina"]
[Black "Golubovskis, Maksims"]
[Result "0-1"]
[ECO "B30"]
[WhiteElo "1984"]
[BlackElo "2210"]
[Annotator "NA"]
[PlyCount "88"]
[EventDate "2021.12.18"]
[EventType "swiss"]
[EventCountry "POL"]
[SourceTitle "playchess.com"]
[Source "ChessBase"]
[SourceQuality "1"]
[TimeControl "900+10"]

1. e4 c5 2. Nf3 Nc6 3. b3 g6 4. Bb2 Nf6 5. e5 Nd5 6. Bb5 Bg7 7. O-O O-O 8. d3 Nc7 9. Bxc6 dxc6 10. Nbd2 Bf5 11. Nh4 Be6 12. Ne4 b6 13. f4 Bd5 14. f5 Bxe4 15. dxe4 Qxd1 16. Raxd1 Rad8 17. c4 Na6 18. a3 b5 19. cxb5 cxb5 20. Nf3 Bh6 21. Kf2 c4 22. b4 Nb8 23. Nd4 a6 24. Kf3 Rc8 25. Bc3 Rfd8 26. e6 Bg7 27. exf7+ Kxf7 28. g4 Bxd4 29. Rxd4 Nc6 30. Rdd1 e5 31. Ke3 g5 32.
Rd5 Ne7 33. Rdd1 Kf6 34. h4 gxh4 35. g5+ Kxg5 36. Bxe5 Rxd1 37. Rxd1 c3 38. Rg1+ Kh5 39. Kf4 h6 40. Bf6 Ng8 41. Bxh4 c2 42. Be1 c1=Q+ 43. Kf3 Rc3+ 44. Bxc3 Qxg1 0-1

[Event "European Rapid Championship 2021"]
[Site "Katowice"]
[Date "2021.12.19"]
[Round "7.21"]
[White "Tazbir, Marcin"]
[Black "Semjonovs, Ilja"]
[Result "1-0"]
[ECO "A20"]
[WhiteElo "2514"]
[BlackElo "2383"]
[Annotator "ChessBase"]
[PlyCount "59"]
[EventDate "2021.12.18"]
[EventType "swiss"]
[EventCountry "POL"]
[SourceTitle "playchess.com"]
[Source "ChessBase"]
[SourceQuality "1"]
[TimeControl "900+10"]

1. c4 e5 2. g3 Nf6 3. Bg2 d5 4. cxd5 Nxd5 5. Nc3 Nb6 6. e3 Be7 7. Nge2 O-O 8. O-O Nc6 9. f4 exf4 10. Nxf4 Nb4 11. d4 c6 12. e4 Na6 13.
Be3 Nc7 14. Kh1 Ne6 15. Nxe6 Bxe6 16. d5 cxd5 17. exd5 Bd7 18. Bd4 Rc8 19. Qd3 Bc5 20. Be5 Bg4 21. Rae1 Qd7 22. Ne4 Bb4 23. Ng5 g6 24. Ne4 f6 25. Nxf6+ Rxf6 26. Bxf6 Bxe1 27. Rxe1 Bh3 28. Bxh3 Qxh3 29. d6 Rf8 30. Qb3+ 1-0

[Event "European Rapid Championship 2021"]
[Site "Katowice"]
[Date "2021.12.19"]
[Round "7.21"]
[White "Parol, Pawel"]
[Black "Paszewski, Mateusz"]
[Result "0-1"]
[ECO "D11"]
[WhiteElo "2146"]
[BlackElo "2202"]
[Annotator "ChessBase"]
[PlyCount "160"]
[EventDate "2021.12.18"]
[EventType "swiss"]
[EventCountry "POL"]
[SourceTitle "playchess.com"]
[Source "ChessBase"]
[SourceQuality "1"]
[TimeControl "900+10"]

1. d4 d5 2. c4 c6 3. Nf3 Nf6 4. e3 e6 5. b3 Ne4 6. Bb2 Bb4+ 7. Nbd2 Qf6 8.
Qe2 dxc4 9. bxc4 c5 10. g3 Nc6 11. Bg2 cxd4 12. exd4 Nxd2 13. Nxd2 Nxd4 14. Qd3 Nf3+ 15. Bxf3 Qxb2 16. Ke2 Qxd2+ 17. Qxd2 Bxd2 18. Kxd2 Kd8 19. Kc3 Kc7 20. Rhd1 Rb8 21. c5 Bd7 22. Rd6 Bc6 23. Bxc6 bxc6 24. Rad1 Rhd8 25. R1d4 Rxd6 26. cxd6+ Kd7 27. Rd2 Rb5 28. Kc4 a5 29. f4 h5 30. h3 g6 31. h4 Rb4+ 32. Kc5 Rb5+ 33.
Kc4 Rb1 34. Rd3 Rb4+ 35. Kc5 Rb5+ 36. Kc4 Rd5 37. Rb3 Kxd6 38. Rb7 Rf5 39. Ra7 Rc5+ 40. Kd4 Rd5+ 41. Kc4 Rc5+ 42. Kd4 Rf5 43. Kc4 Rc5+ 44. Kd4 Rc2 45. Rxa5 f6 46. Ra8 Rg2 47. Ra3 e5+ 48. fxe5+ fxe5+ 49. Ke4 Re2+ 50. Kf3 Rb2 51. Rd3+ Ke6 52. Rc3 Rxa2 53. Rxc6+ Kf5 54. Rc3 Rd2 55. Ke3 Rd4 56. Rc8 Rd6 57. Re8 Ra6 58. Rf8+ Kg4 59. Re8 Kxg3 60. Rxe5 Kxh4 61. Kf3 Ra2 62. Re4+ Kh3 63. Re5 Kh4 64. Re4+ Kg5 65. Re5+ Kf6 66. Rb5 Rd2 67. Rb6+ Kg5 68. Rb5+ Kh4 69. Rb4+ Kh3 70. Rb5 Rg2 71. Rb1 Kh2 72. Kf4 g5+ 73. Kf5 h4 74. Kg6 g4 75. Kh5 h3 76. Kh4 g3 77. Kg4 Ra2 78.
Rb3 Ra4+ 79. Kf3 g2 80. Rb2 Kh1 0-1

[Event "European Rapid Championship 2021"]
[Site "Katowice"]
[Date "2021.12.19"]
[Round "7.22"]
[White "Dragnev, Valentin"]
[Black "Ortega Ruiz, Jose Miguel"]
[Result "1-0"]
[ECO "C77"]
[WhiteElo "2409"]
[BlackElo "2150"]
[Annotator "NA"]
[PlyCount "43"]
[EventDate "2021.12.18"]
[EventType "swiss"]
[EventCountry "POL"]
[SourceTitle "playchess.com"]
[Source "ChessBase"]
[SourceQuality "1"]
[TimeControl "900+10"]

1. e4 e5 2. Nf3 Nc6 3. Bb5 a6 4. Ba4 Nf6 5. d3 b5 6. Bb3 Be7 7. a4 b4 8. a5 O-O 9. O-O d6 10. Nbd2 h6 11. c3 bxc3 12. bxc3 d5 13.
Qc2 Bg4 14. h3 Bh5 15. Nh4 dxe4 16. dxe4 Be2 17. Re1 Bd3 18. Qa2 Nxe4 19. Nxe4 Bxh4 20. Bd5 Bb5 21. Ba3 Be7 22. c4 1-0

[Event "European Rapid Championship 2021"]
[Site "Katowice"]
[Date "2021.12.19"]
[Round "7.22"]
[White "Malicka, Maria"]
[Black "Flasinski, Michal"]
[Result "1/2-1/2"]
[ECO "B12"]
[WhiteElo "1947"]
[BlackElo "2195"]
[Annotator "NA"]
[PlyCount "105"]
[EventDate "2021.12.18"]
[EventType "swiss"]
[EventCountry "POL"]
[SourceTitle "playchess.com"]
[Source "ChessBase"]
[SourceQuality "1"]
[TimeControl "900+10"]

1. e4 c6 2. d4 d5 3. f3 dxe4 4. fxe4 e5 5. Nf3 Bg4 6. Bc4 Nd7 7. c3 Bxf3 8. Qxf3 Ngf6 9. O-O Bd6 10. Bg5 Qb6 11. Bb3 O-O 12. Be3 Qc7 13. h3 c5 14. dxc5 Bxc5 15. Nd2 Bxe3+ 16. Qxe3 Qc5 17. Rae1 Rad8 18. Nf3 Nxe4 19. Qxc5 Ndxc5 20. Nxe5 Nxb3 21.
axb3 Nd2 22. Rf4 Nxb3 23. Rb4 Nc5 24. Rb5 b6 25. Ra1 Rfe8 26.
Nc6 Rd2 27. Rxa7 h5 28. Re7 Rxe7 29. Nxe7+ Kf8 30. Nc8 Na4 31. Nxb6 Rxb2 32. Rxb2 Nxb2 33. Kf1 Nd3 34. Ke2 Ne5 35. Ke3 Ke7 36. Kd4 Ng6 37. c4 Nh4 38. Nd5+ Kd7 39. Ne3 g5 40. Ke5 g4 41. hxg4 hxg4 42. g3 Ng6+ 43. Kf6 Kd6 44. Nxg4 Nf8 45. Kxf7 Ne6 46. Kf6 Nc5 47. Kf5 Nd3 48. Ne3 Kc5 49. Ke4 Nf2+ 50. Kf3 Nd3 51. g4 Ne5+ 52. Kf4 Kd4 53. g5 1/2-1/2

[Event "European Rapid Championship 2021"]
[Site "Katowice"]
[Date "2021.12.19"]
[Round "7.23"]
[White "Nasuta, Grzegorz"]
[Black "Lach, Aleksandra"]
[Result "0-1"]
[ECO "B24"]
[WhiteElo "2345"]
[BlackElo "2132"]
[Annotator "NA"]
[PlyCount "130"]
[EventDate "2021.12.18"]
[EventType "swiss"]
[EventCountry "POL"]
[SourceTitle "playchess.com"]
[Source "ChessBase"]
[SourceQuality "1"]
[TimeControl "900+10"]

1. e4 c5 2. Nc3 Nc6 3. Bb5 Nd4 4. Nf3 a6 5. Bc4 Nxf3+ 6.
Qxf3 e6 7. d3 Ne7 8. O-O Nc6 9. Be3 Be7 10. a3 O-O 11. Ba2 b6 12. Qg3 Bb7 13. f4 f5 14. e5 d5 15. exd6 Qxd6 16. Rae1 Rf6 17. Re2 Rg6 18. Qe1 Re8 19. h3 Bd8 20. Kh2 Kh8 21. Bg1 Bc7 22. Nd5 Bd8 23. Ne3 Nd4 24. Nc4 Qc6 25. Rff2 Rxg2+ 26. Rxg2 Nf3+
27. Kh1 Nxe1 28. Ne5 Qxg2+ 29. Rxg2 Nxg2 30. Nf7+ Kg8 31. Nd6 Nxf4+ 32. Nxb7 Bc7 33. Bh2 Kf7 34. Bc4 Ra8 35. a4 Ke7 36. a5 g5 37. axb6 Bxb6 38. Bg1 Nxh3 39. Bxc5+ Bxc5 40. Nxc5 Nf4 41. Nxa6 g4 42. b4 Kd6 43. b5 Nd5 44. Bb3 Nc3 45. Bc4 f4 46. b6 Kc6 47.
Nb4+ Kxb6 48. Bxe6 f3 49. Bxg4 Ra1+ 50. Kh2 f2 51. Bh3 f1=Q 52. Bxf1 Rxf1 53. d4 Rd1 54. Nd3 Rd2+ 55. Kh3 Rxc2 56. Ne5 Nb5 57. d5 Kc5 58. Nd3+ Kd6 59. Kg4 Nc7 60. Kg5 Nxd5 61. Ne1 Rc3 62. Kh6 Nf6 63. Kg7 Ke6 64. Ng2 Rg3+ 65. Kh6 Rg6# 0-1